 Dungeon Crawl Stone Soup version 0.28.0-47-ge53b351184 (webtiles) character file.

Game seed: 11625546084909617964

9 winsomniak the Grasshopper (level 2, 0/26 HPs)
             Began as a Naga Warper on May 2, 2022.
             Slain by a quokka (1 damage)
             ... on level 1 of the Dungeon.
             The game lasted 00:05:07 (786 turns).

winsomniak the Grasshopper (Naga Warper)             Turns: 786, Time: 00:05:08

Health: 0/26       AC:  2    Str: 13    XL:     2   Next: 12%
Magic:  5/5        EV:  9    Int: 13    God:
Gold:   20         SH:  0    Dex: 10    Spells: 5/5 levels left

rFire   . . .      SeeInvis +   a - +0 mace
rCold   . . .      Faith    .   (no shield)
rNeg    . . .      Spirit   .   b - +0 leather armour
rPois   +          Reflect  .   (no helmet)
rElec   .          Harm     .   (no cloak)
rCorr   .          Rampage  .   (no gloves)
Will    .....                   (no barding)
Stlth   +.........              (no amulet)
HPRegen 0.08/turn               (no ring)
MPRegen 0.09/turn               (no ring)

@: very slow
A: AC +0, large, see invisible, deformed body, poison resistance, slowness 2,
spit poison 1, naga tail 1
a: Spit Poison


You were on level 1 of the Dungeon.
You visited 1 branch of the dungeon, and saw 1 of its levels.

You collected 20 gold pieces.

Inventory:

Hand Weapons
 a - a +0 mace (weapon)
Missiles
 d - 3 boomerangs of dispersal (quivered)
 h - 19 stones
 j - 19 bolts
 k - 21 arrows
Armour
 b - a +0 leather armour (worn)
Scrolls
 e - a scroll of teleportation {unknown}
 f - a scroll of magic mapping {unknown}
 g - a scroll of fear {unknown}
 i - a scroll of identify {unknown}


   Skills:
 + Level 2.1 Fighting
 + Level 2.1 Maces & Flails
 - Level 1.0 Throwing
 + Level 0.9 Armour
 + Level 1.6 Dodging
 + Level 0.5 Stealth
 + Level 2.1 Spellcasting
 + Level 3.1 Translocations


You had 5 spell levels left.
You didn't know any spells.
Your spell library contained the following spells:

 Spells                   Type           Power      Damage    Failure   Level
 Blink                    Tloc           18%        N/A       14%         2
 Gell's Gravitas          Tloc           9%         N/A       26%         3
 Lesser Beckoning         Tloc           9%         N/A       26%         3
 Teleport Other           Tloc           9%         N/A       26%         3
 Manifold Assault         Tloc           9%         N/A       94%         5


Dungeon Overview and Level Annotations

Branches:
Dungeon (1/15)

Altars:


Innate Abilities, Weirdness & Mutations

Your serpentine skin is tough. (AC +0)
You have supernaturally acute eyesight. (SInv)
Armour fits poorly on your strangely shaped body.
Your system is resistant to poisons. (rPois)
You cover ground very slowly.
You can spit poison.
You have a snake-like lower body.


Message History

The quokka barely misses you. The hobgoblin hits you.
There is an open door here.
The quokka closely misses you. The quokka bites you.
You barely miss the quokka. The quokka bites you. The quokka bites you.
* * * LOW HITPOINT WARNING * * *
You completely miss the quokka. The quokka closely misses you.
Blink to where?
Press: ? - help, Dir - move target
As you read the scroll of blinking, it crumbles to dust.
Throw: 22 stones
Press: ? - help, Q - select action, (/) - cycle Shift-Dir - straight line, f - quokka
Aim: a quokka (translocational energy, 43% to hit)
You throw a stone. The stone barely misses the quokka.
Throw: 21 stones
Press: ? - help, Q - select action, (/) - cycle Shift-Dir - straight line, f/p - quokka
Aim: a quokka (43% to hit)
You throw a stone. The stone hits the quokka.
The quokka is severely wounded.
Throw: 20 stones
Press: ? - help, Q - select action, (/) - cycle Shift-Dir - straight line, f/p - quokka
Aim: a quokka (severely wounded, 43% to hit)
You throw a stone.
The stone hits the quokka but does no damage.
The quokka is severely wounded.
Throw: 4 boomerangs (disperse)
Press: ? - help, Q - select action, (/) - cycle Shift-Dir - straight line, f/p - quokka
Aim: a quokka (heavily wounded, 43% to hit)
You throw a boomerang of dispersal.
The boomerang of dispersal hits the quokka but does no damage.
The quokka is heavily wounded.
The quokka bites you but does no damage.
You miss the quokka.
The quokka is heavily wounded.
The quokka bites you.
* * * LOW HITPOINT WARNING * * *
The quokka bites you.
You die...

###################
#.......#.rgg(.(..#
#.###.###@#######.#
#.# #.# #.#
####'###
######.###.###.#
#......#
#...†..#.......#
#......#
#.####.#.#.#####
#......#
###.#........#
#......#
....#..........#
#............
.####.##.#####...#
####+##...... .# ##
#.. .... ......


You could see a quokka and 2 hobgoblins.

Vanquished Creatures
  An endoplasm (D:1)
  2 hobgoblins (D:1)
  2 quokkas (D:1)
  A ball python (D:1)
  A bat (D:1)
  A rat (D:1)
8 creatures vanquished.

Notes
Turn   | Place    | Note
-------+----------+-------------------------------------------
     0 | D:1      | winsomniak the Naga Warper began the quest for the Orb.
     0 | D:1      | Reached XP level 1. HP: 19/19 MP: 3/3
   408 | D:1      | Reached skill level 1 in Throwing
   468 | D:1      | Reached XP level 2. HP: 10/26 MP: 5/5
   786 | D:1      | HP: 1/26 [quokka (5)]
   786 | D:1      | Slain by a quokka

Illustrated notes

Levels and vault maps discovered:
D:1:      eino_arrival_water_cross, layout_basic

Skill      XL: |  1 |
---------------+----+-----
Throwing       | 1 |  1.0
Fighting       | |  2.1
Maces & Flails | |  2.1
Armour         | |  0.9
Dodging        | |  1.6
Stealth        | |  0.5
Spellcasting   | |  2.1
Translocations | |  3.1

Action                   || total
-------------------------++-------
Melee: Mace              ||    32
Throw: Stone             ||     7
       Boomerang         ||     2
  Use: Scroll            ||     1
Armor: Leather armour    ||     5
Dodge: Dodged            ||    22
